 Dungeon Crawl Stone Soup version 0.31-a0-189-ga26ba32dd1 (webtiles) character file.

Game seed: 15786050155629608597

336 qw the Skirmisher (level 6, -2/36 HPs)
             Began as a Deep Elf Hunter on June 23, 2023.
             Slain by an ogre
             ... wielding a +0 giant club
              (7 damage)
             ... on level 4 of the Dungeon.
             The game lasted 00:01:28 (2845 turns).

qw the Skirmisher (Deep Elf Hunter)                 Turns: 2845, Time: 00:01:29

Health: -2/36      AC:  5    Str: 10    XL:     6   Next: 28%
Magic:  8/8        EV: 11    Int: 14    God:
Gold:   120        SH:  0    Dex: 18    Spells: 5/5 levels left

rFire   . . .        Y - +0 orcbow
rCold   . . .        (shield currently unavailable)
rNeg    + . .        h - +0 ring mail
rPois   .            (no helmet)
rElec   .            (no cloak)
rCorr   +            (no gloves)
SInv    .            (no boots)
Will    .....        (no amulet)
Stlth   +            d - ring of resist corrosion
HPRegen 0.26/turn    e - ring of positive energy
MPRegen 0.11/turn

%: no passive effects
@: about to teleport
A: no striking features
a: no special abilities


You were on level 4 of the Dungeon.
You visited 1 branch of the dungeon, and saw 4 of its levels.

You collected 120 gold pieces.


   Skills:
 - Level 2.5 Fighting
 + Level 9.5 Ranged Weapons
 - Level 2.4 Dodging
 - Level 1.2 Stealth


You had 5 spell levels left.
You didn't know any spells.
Your spell library was empty.

Inventory:

Hand Weapons
 Y - a +0 orcbow (weapon)
Armour
 h - a +0 ring mail (worn)
Jewellery
 d - a ring of resist corrosion (left hand)
 e - a ring of positive energy (right hand)
Scrolls
 f - a scroll of identify
Potions
 c - a potion of mutation {unknown}

Dungeon Overview and Level Annotations

Branches:
Dungeon (4/15)
 Temple: D:4-7

Altars:
Wu Jian

Shops:
D:1 *

Portals:
Sewer: D:4

Annotations:
D:2 exclusion: 18 gnolls


Message History

2821 ||| STILL FLEEEEING.
2822 ||| STILL FLEEEEING.
2823 ||| STILL FLEEEEING.
2824 ||| STILL FLEEEEING.
2825 ||| STILL FLEEEEING.
2826 ||| FLEEEEING.
2827 ||| FLEEEEING.
2828 ||| STILL FLEEEEING.
2829 ||| STILL FLEEEEING.
2830 ||| STILL FLEEEEING.
2831 ||| STILL FLEEEEING.
2832 ||| STILL FLEEEEING.
2833 ||| FLEEEEING.
2834 ||| STILL FLEEEEING.
Enter note:
Enter note:
Enter note:
2835 ||| STILL FLEEEEING.
2836 ||| FLEEEEING.
2837 ||| FLEEEEING.
2838 ||| FLEEEEING.
Enter note:
Enter note:
Enter note: You shoot an arrow.
The arrow hits the ogre.
The ogre is lightly wounded.
You shoot an arrow. The arrow barely misses the ogre.
You shoot an arrow. The arrow barely misses the ogre.
You shoot an arrow. The arrow hits the ogre!
The ogre is heavily wounded.
You shoot an arrow. The arrow barely misses the ogre.
The ogre hits you with a +0 giant club!!
Ouch! That really hurt!
2844 ||| READING scroll of teleportation.
As you read the scroll of teleportation, it crumbles to dust.
You feel strangely unstable.
You shoot an arrow. The arrow hits the ogre!
The ogre is severely wounded.
The ogre hits you with a +0 giant club!
You die...

... #. ##....### #
############.# #.
##..#### #.........##.#
#.##[.## #.........##.#
#..#.## #.........#..#
#...#
#<........).#####..##
#..............##..###
#.........#..#..O....#
###########..###@..#..#
## #......<>...... ..
#.####..###..## ## ..#
...# #..# #.## .##.#
#..# .. .. #.# #.. # <
#.# .. .# .. #~


You could see an ogre.

Vanquished Creatures
  A centaur (D:4)
  A scorpion (D:3)
  2 orc wizards
  4 gnolls (D:2)
  2 adders
  2 worms
  A dart slug (D:1)
  7 orcs
  5 bats
  5 endoplasms
  4 giant cockroaches
  9 hobgoblins
  4 jackals (D:1)
  5 kobolds
  2 quokkas
  7 ball pythons
  2 frilled lizards
  8 goblins
  5 rats
76 creatures vanquished.

Notes
Turn   | Place    | Note
-------+----------+-------------------------------------------
     0 | D:1      | qw the Deep Elf Hunter began the quest for the Orb.
     0 | D:1      | Reached XP level 1. HP: 12/12 MP: 3/3
     0 | D:1      | 0 ||| qw: Version: 0.3-a-9-g12657ce
     0 | D:1      | 0 ||| qw: Game counter: 4451
     0 | D:1      | 0 ||| qw: Always use a shield: true
     0 | D:1      | 0 ||| qw: God list: Okawaru
     0 | D:1      | 0 ||| qw: Allow faded altars: false
     0 | D:1      | 0 ||| qw: Do Orc after D:15 true
     0 | D:1      | 0 ||| qw: Do second Lair branch before Depths: true
     0 | D:1      | 0 ||| qw: Lair rune preference: random
     0 | D:1      | 0 ||| qw: Plans: Normal
     0 | D:1      | 0 ||| PLANNING D:1-11
    51 | D:1      | Found Ykogabbodo's General Store.
    58 | D:1      | 58 ||| SHOPLISTING +0 cloak (58 gold, have 0).
    58 | D:1      | 58 ||| SHOPLISTING 3 scrolls of brand weapon (370 gold,
                  | have 0).
   208 | D:1      | Reached skill level 6 in Ranged Weapons
   208 | D:1      | Reached XP level 2. HP: 16/16 MP: 4/4
   217 | D:1      | 217 ||| FLEEEEING.
   218 | D:1      | 218 ||| FLEEEEING.
   219 | D:1      | 219 ||| FLEEEEING.
   220 | D:1      | 220 ||| FLEEEEING.
   221 | D:1      | 221 ||| FLEEEEING.
   223 | D:1      | 223 ||| FLEEEEING.
   224 | D:1      | 224 ||| FLEEEEING.
   225 | D:1      | 225 ||| FLEEEEING.
   226 | D:1      | 226 ||| FLEEEEING.
   227 | D:1      | 227 ||| FLEEEEING.
   228 | D:1      | 228 ||| FLEEEEING.
   230 | D:1      | 230 ||| FLEEEEING.
   231 | D:1      | 231 ||| FLEEEEING.
   232 | D:1      | 232 ||| FLEEEEING.
   233 | D:1      | 233 ||| FLEEEEING.
   234 | D:1      | 234 ||| FLEEEEING.
   235 | D:1      | 235 ||| FLEEEEING.
   240 | D:1      | 240 ||| FLEEEEING.
   465 | D:1      | 465 ||| DROPPING +2 sling of draining.
   777 | D:1      | 777 ||| UPGRADING to +0 ring mail.
   787 | D:1      | 787 ||| DROPPING +0 leather armour.
   788 | D:1      | 788 ||| UPGRADING to ring of resist corrosion.
   789 | D:1      | 789 ||| READING scroll labelled HENYME KUTAGOI.
   793 | D:1      | 793 ||| READING 2 scrolls labelled YXATOCLOUT.
   794 | D:1      | 794 ||| DROPPING scroll of butterflies.
   848 | D:2      | Reached XP level 3. HP: 20/20 MP: 5/5
   890 | D:2      | 890 ||| FLEEEEING.
   891 | D:2      | 891 ||| FLEEEEING.
   894 | D:2      | 894 ||| FLEEEEING.
   923 | D:2      | 923 ||| SWAPPING to +0 orcbow.
   925 | D:2      | 925 ||| DROPPING +0 shortbow.
   965 | D:2      | Reached skill level 7 in Ranged Weapons
   979 | D:2      | Reached XP level 4. HP: 11/25 MP: 6/6
  1233 | D:2      | Found an ornate altar of the Wu Jian Council.
  1424 | D:2      | 1424 ||| READING scroll labelled PIP CYRETITAUM.
  1454 | D:3      | 1454 ||| STAIRDANCE
  1458 | D:2      | HP: 5/25 [orc/+0 hand axe (6)]
  1459 | D:2      | 1459 ||| READING scroll of teleportation.
  1459 | D:2      | HP: 2/25 [orc/+0 hand axe (1)]
  1461 | D:2      | Reached skill level 8 in Ranged Weapons
  1569 | D:3      | 1569 ||| STAIRDANCE
  1677 | D:3      | Reached XP level 5. HP: 29/29 MP: 7/7
  1872 | D:3      | 1872 ||| FLEEEEING.
  1873 | D:3      | 1873 ||| FLEEEEING.
  1877 | D:3      | 1877 ||| FLEEEEING.
  1878 | D:3      | 1878 ||| FLEEEEING.
  1879 | D:3      | 1879 ||| FLEEEEING.
  1884 | D:3      | 1884 ||| FLEEEEING.
  1885 | D:3      | 1885 ||| FLEEEEING.
  1886 | D:3      | 1886 ||| FLEEEEING.
  1887 | D:3      | 1887 ||| FLEEEEING.
  1888 | D:3      | 1888 ||| FLEEEEING.
  1889 | D:3      | 1889 ||| FLEEEEING.
  1890 | D:3      | 1890 ||| FLEEEEING.
  1891 | D:3      | 1891 ||| FLEEEEING.
  1892 | D:3      | 1892 ||| FLEEEEING.
  2147 | D:3      | Reached skill level 9 in Ranged Weapons
  2149 | D:3      | HP: 7/29 [poisoned by a scorpion]
  2388 | D:3      | 2388 ||| READING scroll labelled ULIUNTUOLI.
  2389 | D:3      | 2389 ||| READING scroll labelled EFOAGREJEI.
  2390 | D:3      | 2390 ||| READING scroll labelled DUPUWO CALEHO.
  2391 | D:3      | 2391 ||| READING 3 scrolls of identify.
  2391 | D:3      | 2391 ||| IDENTIFYING white potion
  2392 | D:3      | 2392 ||| READING 2 scrolls of identify.
  2392 | D:3      | 2392 ||| IDENTIFYING lumpy ruby potion
  2393 | D:3      | 2393 ||| DROPPING potion of lignification.
  2411 | D:4      | 2411 ||| PLANNING SEWER
  2414 | D:4      | Noticed a centaur
  2416 | D:4      | HP: 4/29 [centaur/arrow (5)]
  2417 | D:4      | 2417 ||| DRINKING potion of heal wounds.
  2421 | D:4      | HP: 5/29 [centaur/arrow (11)]
  2423 | D:4      | Killed a centaur
  2424 | D:4      | Reached XP level 6. HP: 8/36 MP: 8/8
  2730 | D:4      | Found a glowing drain.
  2731 | D:4      | 2731 ||| UPGRADING to ring of positive energy.
  2732 | D:4      | 2732 ||| READING scroll labelled UJAGIF QEAHOAN.
  2733 | D:4      | 2733 ||| Stepping randomly (stuck).
  2734 | D:4      | 2734 ||| Stepping ~*~*~tactically~*~*~ (cloud).
  2743 | D:4      | HP: 9/36 [poisoned by you (poison gas)]
  2790 | D:4      | 2790 ||| FLEEEEING.
  2791 | D:4      | 2791 ||| FLEEEEING.
  2792 | D:4      | 2792 ||| FLEEEEING.
  2794 | D:4      | 2794 ||| FLEEEEING.
  2795 | D:4      | 2795 ||| FLEEEEING.
  2802 | D:4      | 2802 ||| FLEEEEING.
  2803 | D:4      | 2803 ||| FLEEEEING.
  2804 | D:4      | 2804 ||| FLEEEEING.
  2805 | D:4      | 2805 ||| FLEEEEING.
  2806 | D:4      | 2806 ||| FLEEEEING.
  2807 | D:4      | 2807 ||| FLEEEEING.
  2811 | D:4      | 2811 ||| FLEEEEING.
  2812 | D:4      | 2812 ||| FLEEEEING.
  2813 | D:4      | 2813 ||| FLEEEEING.
  2814 | D:4      | 2814 ||| FLEEEEING.
  2815 | D:4      | 2815 ||| FLEEEEING.
  2816 | D:4      | 2816 ||| FLEEEEING.
  2817 | D:4      | 2817 ||| FLEEEEING.
  2818 | D:4      | 2818 ||| FLEEEEING.
  2819 | D:4      | 2819 ||| FLEEEEING.
  2826 | D:4      | 2826 ||| FLEEEEING.
  2827 | D:4      | 2827 ||| FLEEEEING.
  2833 | D:4      | 2833 ||| FLEEEEING.
  2836 | D:4      | 2836 ||| FLEEEEING.
  2837 | D:4      | 2837 ||| FLEEEEING.
  2838 | D:4      | 2838 ||| FLEEEEING.
  2843 | D:4      | HP: 4/36 [ogre/+0 giant club (30)]
  2844 | D:4      | 2844 ||| READING scroll of teleportation.
  2845 | D:4      | Slain by an ogre

Levels and vault maps discovered:
D:1:      psy_arrival_radial01, layout_loops_ring, serial_shops, shop
D:2:      layout_basic, basic_altar
D:3:      layout_loops_ring
D:4:      layout_rooms, minmay_temple_entry_from_below_a,
          cheibrodos_sewer_entry_sluice

Skill      XL: |  1  2  3  4  5 |
---------------+----------------+-----
Ranged Weapons | 6 7 8 9 |  9.5
Fighting       | 2 |  2.5
Dodging        | |  2.4
Stealth        | |  1.2

Action                     |  1- 3 |  4- 6 || total
---------------------------+-------+-------++-------
   Fire: Shortbow          |    65 |       ||    65
         Orcbow            |    17 |   137 ||   154
    Use: Scroll            |     2 |     9 ||    11
         Potion            |       |     1 ||     1
 Armour: Leather armour    |     2 |       ||     2
         Ring mail         |     2 |    30 ||    32
  Dodge: Dodged            |    17 |    40 ||    57

Table legend:
 A = Non-vault XP
 B = Vault XP
 C = Vault XP percentage of total XP
 D = Non-vault monster count
 E = Vault monster count
 F = Vault count percentage of total count
                 A         B        C        D         E       F
            +---------+---------+-------+---------+---------+-------
      Total |     474 |       7 |   1.5 |      73 |       3 |   3.9
            +---------+---------+-------+---------+---------+-------
        D:1 |      39 |       0 |   0.0 |      21 |       0 |   0.0
        D:2 |     150 |       0 |   0.0 |      30 |       0 |   0.0
        D:3 |     128 |       0 |   0.0 |      16 |       0 |   0.0
        D:4 |     157 |       7 |   4.3 |       6 |       3 |  33.3
            +---------+---------+-------+---------+---------+-------
